 Dungeon Crawl Stone Soup version 0.29.0-4-gdea44cf6ec (webtiles) character file.

Game seed: 17974768812810393698

73 qw the Chopper (level 4, -2/39 HPs)
             Began as a Minotaur Berserker on Sept 4, 2022.
             Was a Believer of Trog.
             Slain by a gnoll
             ... wielding a +0 spear of flaming
              (3 damage)
             ... on level 3 of the Dungeon.
             The game lasted 00:00:41 (2017 turns).

qw the Chopper (Minotaur Berserker)                 Turns: 2017, Time: 00:00:41

Health: -2/39      AC:  2    Str: 30    XL:     4   Next: 8%
Magic:  0/3        EV: 11    Int:  4    God:    Trog [**....]
Gold:   66         SH:  3    Dex:  9    Spells: 3/3 levels left

rFire   . . .      SeeInvis .   Y - +0 war axe
rCold   . . .      Faith    .   e - +0 buckler
rNeg    . . .      Spirit   +   b - +0 animal skin
rPois   .          Reflect  .   (helmet restricted)
rElec   .          Harm     .   (no cloak)
rCorr   .          Rampage  .   (no gloves)
Will    .....                   (no boots)
Stlth   +.........              n - amulet of guardian spirit
HPRegen 0.13/turn               d - +6 ring of strength
MPRegen 0.08/turn               (no ring)

@: lethally poisoned (-2 -> -8), on berserk cooldown
A: horns 2, retaliatory headbutt
a: Renounce Religion, Berserk, Trog's Hand


You were on level 3 of the Dungeon.
You worshipped Trog.
Trog was pleased with you.
You visited 1 branch of the dungeon, and saw 3 of its levels.

You collected 66 gold pieces.


Innate Abilities, Weirdness & Mutations

You have a pair of horns on your head.
You reflexively headbutt those who attack you in melee.


   Skills:
 - Level 3.6 Fighting
 + Level 5.9 Axes
 - Level 2.4 Armour
 - Level 2.1 Dodging
 - Level 1.0 Shields


You had 3 spell levels left.
You didn't know any spells.
Your spell library was empty.

Inventory:

Hand Weapons
 j - a +0 whip
 Y - a +0 war axe (weapon)
Armour
 b - a +0 animal skin (worn)
 e - a +0 buckler (worn)
Jewellery
 d - a +6 ring of strength (left hand)
 n - an amulet of guardian spirit (around neck)
Scrolls
 c - a scroll of teleportation
 k - a scroll of identify
Potions
 g - a potion of magic {unknown}
 h - a potion of haste {unknown}
 i - a potion of mutation {unknown}
 l - a potion of curing {unknown}

Dungeon Overview and Level Annotations

Branches:
Dungeon (3/15)

Altars:


Message History

You slash the hobgoblin!
You kill the hobgoblin!
Trog accepts your kill.
You closely miss the rat. The rat misses you. You furiously retaliate!
You headbutt the rat!
You kill the rat!
Trog accepts your kill.
A gnoll comes into view. It is wielding a +0 spear of flaming.
The rat bites you but does no damage.
You barely miss the rat.
The gnoll shouts!
The rat closely misses you. The rat bites you but does no damage.
You hit the rat.
You kill the rat!
Trog accepts your kill.
You feel yourself speed up. The gnoll completely misses you.
The gnoll misses you. The gnoll barely misses you.
You barely miss the gnoll.
The gnoll shouts!
Your headbutt misses the gnoll.
The gnoll hits you from afar with a +2 spear of venom!
The gnoll hits you with a +0 spear of flaming!
The gnoll burns you.
You barely miss the gnoll. You headbutt the gnoll.
The gnoll is moderately wounded.
The gnoll misses you. You block the gnoll's attack.
You hit the gnoll. You headbutt the gnoll.
The gnoll is almost dead.
The gnoll hits you from afar with a +2 spear of venom.
You are poisoned.
A gnoll comes into view. It is wielding a +0 halberd.
The gnoll barely misses you.
You closely miss the gnoll.
The gnoll is almost dead.
You feel very sick.
The gnoll hits you from afar with a +2 spear of venom!
The gnoll hits you with a +0 spear of flaming!
The gnoll burns you.
You die...

...... #.#....#
#.#..#.# #.#....#
#####.#....# #
......%%..##.#
######..%.....#
..[........#####
###########.@......#
......:.g.g.g>.###.#
........####...#
...........#...#
#######.#.##%..# #<#
#.#......# #
#.###.#####..# .#.
#.#..........#
....###.#.#.####...#


You could see 3 gnolls.

Vanquished Creatures
  An adder (D:2)
  A river rat (D:3)
  A worm (D:3)
  3 dart slugs
  2 ball pythons (D:1)
  2 bats
  6 endoplasms
  4 giant cockroaches
  2 goblins (D:2)
  7 hobgoblins
  4 jackals (D:1)
  A frilled lizard (D:2)
  2 kobolds
  6 rats
42 creatures vanquished.

Notes
Turn   | Place    | Note
-------+----------+-------------------------------------------
     0 | D:1      | qw the Minotaur Berserker began the quest for the Orb.
     0 | D:1      | Reached XP level 1. HP: 19/19 MP: 0/0
     0 | D:1      | 0 ||| qw: Version: 0.1-a-103-gd6f5d3a
     0 | D:1      | 0 ||| qw: Game counter: 5415
     0 | D:1      | 0 ||| qw: Always use a shield: true
     0 | D:1      | 0 ||| qw: Do Orc after D:15 true
     0 | D:1      | 0 ||| qw: Do second Lair branch before Depths: true
     0 | D:1      | 0 ||| qw: Lair rune preference: random
     0 | D:1      | 0 ||| qw: Plans: Normal
     0 | D:1      | 0 ||| PLANNING D:1-11
   188 | D:1      | Reached skill level 4 in Axes
   376 | D:1      | Reached XP level 2. HP: 26/26 MP: 1/1
   383 | D:1      | 383 ||| Stepping ~*~*~tactically~*~*~ (stealth).
   402 | D:1      | 402 ||| Stepping ~*~*~tactically~*~*~ (stealth).
   404 | D:1      | 404 ||| Stepping ~*~*~tactically~*~*~ (stealth).
   405 | D:1      | 405 ||| Stepping ~*~*~tactically~*~*~ (stealth).
   407 | D:1      | 407 ||| Stepping ~*~*~tactically~*~*~ (stealth).
   863 | D:1      | 863 ||| READING scroll labelled GITTIPT ZEARON.
   864 | D:1      | 864 ||| READING scroll labelled KEITHE FUDA.
   868 | D:1      | 868 ||| READING 2 scrolls labelled CYSUWE NOSEA.
   869 | D:1      | 869 ||| READING scroll labelled IZIHUM ASIJ.
   870 | D:1      | 870 ||| READING scroll labelled BEOGRENOLA.
   871 | D:1      | 871 ||| READING scroll labelled RYEXU UKUBARR.
   872 | D:1      | 872 ||| READING scroll labelled EMUSOE DESETIU.
   873 | D:1      | 873 ||| READING scroll labelled ENAUHEUFIP.
   874 | D:1      | 874 ||| DRINKING 2 lumpy clear potions.
   875 | D:1      | 875 ||| DROPPING potion of flight.
   876 | D:1      | 876 ||| DROPPING scroll of summoning.
   911 | D:2      | 911 ||| STAIRDANCE
   944 | D:2      | Reached ** piety under Trog
   945 | D:2      | Reached skill level 5 in Axes
   955 | D:2      | 955 ||| INVOKING Berserk.
   959 | D:2      | Reached XP level 3. HP: 19/31 MP: 2/2
  1146 | D:2      | 1146 ||| Stepping ~*~*~tactically~*~*~ (hiding).
  1148 | D:2      | 1148 ||| Stepping ~*~*~tactically~*~*~ (hiding).
  1219 | D:2      | 1219 ||| SWAPPING to +0 war axe.
  1220 | D:2      | 1220 ||| DROPPING +1 hand axe.
  1240 | D:2      | 1240 ||| Stepping ~*~*~tactically~*~*~ (hiding).
  1499 | D:2      | 1499 ||| Stepping ~*~*~tactically~*~*~ (stealth).
  1502 | D:2      | 1502 ||| FLEEEEING.
  1630 | D:2      | Found a faded altar of an unknown god.
  1752 | D:2      | 1752 ||| UPGRADING to +0 buckler.
  1757 | D:2      | 1757 ||| UPGRADING to amulet of guardian spirit.
  1762 | D:2      | 1762 ||| UPGRADING to +6 ring of strength.
  1763 | D:2      | 1763 ||| READING 3 scrolls labelled BEBOUP KAS.
  1764 | D:2      | 1764 ||| READING scroll labelled OKKUHE XOLEE.
  1765 | D:2      | 1765 ||| READING scroll labelled TEOL XOBBOU.
  1866 | D:2      | 1866 ||| READING 2 scrolls of identify.
  1866 | D:2      | 1866 ||| IDENTIFYING inky potion
  1867 | D:2      | 1867 ||| DROPPING potion of attraction.
  1894 | D:3      | 1894 ||| PLANNING SEWER
  1965 | D:3      | 1965 ||| Stepping ~*~*~tactically~*~*~ (stealth).
  1972 | D:3      | 1972 ||| Stepping ~*~*~tactically~*~*~ (stealth).
  1985 | D:3      | 1985 ||| INVOKING Berserk.
  1989 | D:3      | Reached skill level 1 in Shields
  1996 | D:3      | Reached XP level 4. HP: 37/39 MP: 3/3
  2001 | D:3      | 2001 ||| Stepping ~*~*~tactically~*~*~ (stealth).
  2017 | D:3      | HP: 9/39 [gnoll/+2 spear of venom (7)]
  2017 | D:3      | HP: 1/39 [gnoll/+0 spear of flaming (8)]
  2017 | D:3      | Slain by a gnoll

Levels and vault maps discovered:
D:1:      onia_arrival_handbag, layout_basic
D:2:      layout_rooms, hellmonk_ecumenical_altar_prayer_group
D:3:      layout_basic, trog_book, portal_sewer_entry_b, serial_shops,
          nicolae_shop_temple_entry_statues_fountains, kennysheep_another_room,
          guppyfry_early_orc_mine

Skill      XL: |  1  2  3 |
---------------+----------+-----
Axes           | 4 5 |  5.9
Shields        | 1 |  1.0
Fighting       | |  3.6
Armour         | |  2.4
Dodging        | |  2.1

Action                   |  1- 3 |  4- 6 || total
-------------------------+-------+-------++-------
Melee: Hand axe          |    50 |       ||    50
       Headbutt          |     8 |     2 ||    10
       War axe           |    16 |     9 ||    25
Invok: Berserk           |     2 |       ||     2
  Use: Scroll            |    12 |       ||    12
       Potion            |     1 |       ||     1
Armor: Animal skin       |    14 |     2 ||    16
Dodge: Dodged            |    31 |     9 ||    40
Block: Buckler           |       |     1 ||     1

Table legend:
 A = Non-vault XP
 B = Vault XP
 C = Vault XP percentage of total XP
 D = Non-vault monster count
 E = Vault monster count
 F = Vault count percentage of total count
                 A         B        C        D         E       F
            +---------+---------+-------+---------+---------+-------
      Total |      69 |      36 |  34.3 |      29 |      13 |  31.0
            +---------+---------+-------+---------+---------+-------
        D:1 |      27 |       6 |  18.2 |      14 |       4 |  22.2
        D:2 |      36 |       8 |  18.2 |      12 |       4 |  25.0
        D:3 |       6 |      22 |  78.6 |       3 |       5 |  62.5
            +---------+---------+-------+---------+---------+-------
